 Dungeon Crawl Stone Soup version 0.27.1-33-g824d729ab1 (webtiles) character file.

Game seed: 9130944992653843605

27 Grabarz the Grasshopper (level 3, -2/28 HPs)
             Began as a Barachi Warper on Dec 12, 2021.
             Slain by an adder (3 damage)
             ... on level 2 of the Dungeon.
             The game lasted 00:08:31 (1449 turns).

Grabarz the Grasshopper (Barachi Warper)            Turns: 1449, Time: 00:08:32

Health: -2/28      AC:  3    Str: 13    XL:     3   Next: 10%
Magic:  2/6        EV: 11    Int: 13    God:
Gold:   15         SH:  0    Dex: 11    Spells: 1/6 levels left

rFire    . . .     SeeInvis .   a - +0 mace
rCold    . . .     Faith    .   (no shield)
rNeg     . . .     Spirit   .   b - +0 leather armour
rPois    .         Reflect  .   (no helmet)
rElec    .         Harm     .   (no cloak)
rCorr    .         Rampage  .   (no gloves)
Will     .....                  (no boots)
Stlth    +.........             (no amulet)
HPRegen  0.09/turn              (no ring)
MPRegen  0.10/turn              (no ring)

@: slow
A: amphibious, slowness 1, strong legs 1, +LOS
a: Hop


You were on level 2 of the Dungeon.
You visited 1 branch of the dungeon, and saw 2 of its levels.

You collected 15 gold pieces.

Inventory:

Hand Weapons
 a - a +0 mace (weapon)
Missiles
 d - 5 boomerangs of dispersal (quivered)
Armour
 b - a +0 leather armour (worn)
Scrolls
 c - a scroll of blinking
 e - a scroll of immolation {unknown}
 f - 5 scrolls of identify {unknown}
 g - a scroll of noise {unknown}
Potions
 h - a potion of berserk rage {unknown}
 i - 2 potions of heal wounds {unknown}
 j - a potion of ambrosia {unknown}
 k - a potion of curing {unknown}


   Skills:
 + Level 2.6 Fighting
 * Level 2.5 Maces & Flails
 * Level 0.8(1.1) Slings
 + Level 1.0(1.1) Throwing
 + Level 1.6 Armour
 + Level 2.3 Dodging
 + Level 0.2 Stealth
 + Level 2.2 Spellcasting
 + Level 3.7 Translocations


You had one spell level left.
You knew the following spells:

 Your Spells              Type           Power      Damage    Failure   Level
a - Blink                 Tloc           N/A        N/A       11%         2
b - Gell's Gravitas       Tloc           5%         N/A       21%         3

Your spell library contained the following spells:

 Spells                   Type           Power      Damage    Failure   Level
 Lesser Beckoning         Tloc           5%         N/A       21%         3
 Teleport Other           Tloc           11%        N/A       21%         3
 Passwall                 Tmut/Erth      0%         N/A       43%         2
 Swiftness                Air            1%         N/A       67%         3
 Manifold Assault         Tloc           11%        N/A       88%         5
 Invisibility             Hex            0%         N/A       100%        6


Dungeon Overview and Level Annotations

Branches:
Dungeon (2/15)

Altars:


Innate Abilities, Weirdness & Mutations

You are amphibious.
You cover ground slowly.
You can hop short distances.
You have an extended range of vision and can be seen from far away.


Message History

Aim: an adder (heavily wounded) Gravity reorients around the adder.
The goblin collides with the adder!
The adder barely misses you.
You closely miss the adder.
The adder is severely wounded.
The adder barely misses you. The adder bites you.
You closely miss the adder.
The adder is severely wounded.
The adder closely misses you. The adder completely misses you.
You miss the adder.
The adder is severely wounded.
The adder bites you.
You are poisoned.
The adder poisons you!
You closely miss the adder.
The adder is severely wounded.
You feel sick. The adder closely misses you. x2
You hit the adder.
The adder is severely wounded.
You feel sick. The adder bites you.
You are more poisoned.
The adder poisons you! The adder bites you.
You are more poisoned.
The adder poisons you!
You feel very sick.
* * * LOW HITPOINT WARNING * * *
You feel sick. The adder barely misses you.
* * * LOW HITPOINT WARNING * * *
You feel sick.
* * * LOW HITPOINT WARNING * * *
You feel sick. The adder closely misses you.
* * * LOW HITPOINT WARNING * * *
You feel sick. The adder barely misses you.
* * * LOW HITPOINT WARNING * * *
You feel sick.
* * * LOW HITPOINT WARNING * * *
You feel sick.
You are no longer poisoned.
The adder bites you.
You die...

##### #...#
#..<# # #...#
##.#####...#
#.........@###
#........S...#
#.......g###..#
#.........# #.#
##.######g###.#
# #.#.#.#.#.#.
#g..........
#.#.#.#.#.#
#...........


You could see an adder and a goblin.

Vanquished Creatures
  4 bats
  2 endoplasms (D:1)
  A giant cockroach (D:1)
  2 hobgoblins (D:1)
  3 quokkas (D:1)
  2 ball pythons
  A frilled lizard (D:2)
  3 goblins (D:1)
  3 kobolds (D:1)
  4 rats (D:1)
25 creatures vanquished.

Notes
Turn   | Place    | Note
-------+----------+-------------------------------------------
     0 | D:1      | Grabarz the Barachi Warper began the quest for the Orb.
     0 | D:1      | Reached XP level 1. HP: 17/17 MP: 3/3
   285 | D:1      | Reached XP level 2. HP: 19/23 MP: 5/5
   288 | D:1      | Learned a level 2 spell: Blink
   465 | D:1      | Found a faded altar of an unknown god.
  1122 | D:1      | Reached XP level 3. HP: 15/28 MP: 6/6
  1340 | D:1      | Learned a level 3 spell: Gell's Gravitas
  1449 | D:2      | HP: 1/28 [poisoned by an adder]
  1449 | D:2      | Slain by an adder

Illustrated notes

Levels and vault maps discovered:
D:1:      dpeg_arrival_arbitrary_b, layout_basic,
          ebering_ecumenical_altar_sacrificial, kennysheep_minor_cross,
          minmay_misc_feat_encased
D:2:      minmay_alternating_diamond, layout_basic, st_stairs_11,
          minmay_stone_trees_large, chequers_serial_rivers_micro_d, uniq_robin

Action                   || total
-------------------------++-------
Melee: Mace              ||    81
 Cast: Gell's Gravitas   ||     2
Armor: Leather armour    ||    23
Dodge: Dodged            ||    72
